 Dungeon Crawl Stone Soup version 0.18.1-50-g88ac8fd (webtiles) character file.

37 Amnesiac the Cutter (level 3, -1/29 HPs)
             Began as a Merfolk Fighter on Mar 10, 2018.
             Slain by an adder (3 damage)
             ... on level 1 of the Dungeon.
             The game lasted 00:01:07 (538 turns).

Amnesiac the Cutter (Merfolk Fighter)                Turns: 538, Time: 00:01:09

Health: -1/29      AC:  6    Str: 17    XL:     3   Next: 39%
Magic:  3/3        EV:  6    Int:  7    God:
Gold:   71         SH:  9    Dex: 13    Spells: 0 memorised, 2 levels left

rFire  + . .     SeeInvis .     a - +0 rapier
rCold  + . .     Gourm    .     b - +0 scale mail
rNeg   . . .     Faith    .     c - +0 shield
rPois  +         Spirit   .     (no helmet)
rElec  +         Dismiss  .     (no cloak)
rCorr  +         Reflect  .     (no gloves)
SustAt .         Harm     .     (no boots)
MR     .....                    (no amulet)
Stlth  ..........               (no ring)
                                (no ring)

@: lethally poisoned (-1 -> -5), resistant, not resistant to hostile
enchantments, extremely unstealthy
A: change form in water, swift swim
a: no special abilities


You were on level 1 of the Dungeon.
You were not hungry.

You visited 1 branch of the dungeon, and saw 2 of its levels.

You collected 71 gold pieces.

Inventory:

Hand Weapons
 a - a +0 rapier (weapon)
Missiles
 h - 12 poisoned needles
Armour
 b - a +0 scale mail (worn)
 c - a +0 shield (worn)
Scrolls
 e - a scroll of magic mapping {!r, unknown}
 k - a scroll of identify {!r, unknown}
 l - a scroll of recharging {!r, unknown}
Potions
 d - a potion of might {!q}
Comestibles
 f - a bread ration
 g - a meat ration
 m - a chunk of flesh


   Skills:
 + Level 3.2 Fighting
 - Level 4.4 Short Blades
 - Level 2.1 Armour
 - Level 3.0 Shields


You had 2 spell levels left.
You didn't know any spells.

Dungeon Overview and Level Annotations

Branches:
Dungeon (2/15)

Altars:
Ashenzari

Annotations:
D:2 Terence


Message History

You barely miss the adder.
The adder is moderately wounded.
The adder bites you but does no damage.
You barely miss the adder.
The adder is moderately wounded.
The adder bites you but does no damage. The adder bites you.
You are more poisoned.
The adder poisons you!
You feel sick.
You feel sick.
You feel sick. The adder bites you but does no damage.
You feel sick. The adder bites you but does no damage.
You feel sick.
You feel sick. The adder bites you but does no damage.
You feel sick.
You feel sick. The adder bites you.
* * * LOW HITPOINT WARNING * * *
You are lethally poisoned!
The adder poisons you!
* * * LOW HITPOINT WARNING * * *
You feel sick.
There is a stone staircase leading up here.
* * * LOW HITPOINT WARNING * * *
You feel sick. The adder bites you but does no damage.
You climb upwards.
A giant cockroach comes into view.
* * * LOW HITPOINT WARNING * * *
You feel sick.
There is a stone staircase leading down here.
Drink which item? (? for menu, Esc to quit)
Really quaff
i - a brown potion {!q}?
It was a potion of magic {!q}.
Magic courses through your body.
* * * LOW HITPOINT WARNING * * *
You feel sick. You block the adder's attack. x2
Drink which item? (? for menu, Esc to quit)
Really quaff
j - a viscous dark potion {!q}?
It was a potion of resistance {!q}.
You feel protected. The adder barely misses you.
Your shield and scale mail prevent you from hitting the adder.
The adder is lightly wounded.
* * * LOW HITPOINT WARNING * * *
You feel sick. The adder barely misses you.
You hit the adder.
The adder is moderately wounded.
The adder bites you but does no damage.
The giant cockroach waves its antennae.
You block the adder's attack.
You barely miss the adder.
The adder is moderately wounded.
* * * LOW HITPOINT WARNING * * *
You feel sick. The adder bites you but does no damage.
You closely miss the adder.
The adder is moderately wounded.
The adder barely misses you.
You miss the adder.
The adder is moderately wounded.
* * * LOW HITPOINT WARNING * * *
You feel sick. You block the adder's attack.
You hit the adder but do no damage.
The adder is moderately wounded.
The adder bites you.
You die...

## #. #.##
#... #..#
# #..##..#
#.@....#
##S##.....
#s# ###
#.# ...
#.# #.#
#..


You could see an adder and a giant cockroach.

Vanquished Creatures
  2 adders (D:2)
  A worm (D:2)
  2 giant geckos
  2 giant cockroaches
  2 hobgoblins
  A kobold (D:2)
  2 bats (D:2)
  A goblin (D:1)
  2 rats
15 creatures vanquished.

Notes
Turn   | Place    | Note
--------------------------------------------------------------
     0 | D:1      | Amnesiac the Merfolk Fighter began the quest for the Orb.
     0 | D:1      | Reached XP level 1. HP: 18/18 MP: 1/1
   231 | D:1      | Reached skill level 3 in Short Blades
   242 | D:2      | Reached XP level 2. HP: 20/24 MP: 2/2
   343 | D:2      | Found a shattered altar of Ashenzari.
   372 | D:2      | Reached skill level 4 in Short Blades
   397 | D:2      | Reached XP level 3. HP: 29/29 MP: 3/3
   499 | D:2      | Noticed Terence
   538 | D:1      | Slain by an adder

Skill      XL: |  1  2 |
---------------+-------+-----
Short Blades   | 3 4 |  4.4
Fighting       | |  3.2
Armour         | |  2.1
Shields        | |  3.0

Action                   || total
-------------------------++-------
Melee: Rapier            ||    76
  Use: Potion            ||     2
Armor: Scale mail        ||    43
Dodge: Dodged            ||    18
Block: Shield            ||    30
